AoeStats
← Esglm

Northern Isles

510575731Analyzed
1v1 RM · 18h ago on Oct 1, 2026· 44m 56s· 2 players
Game mode
Random Map
Map size
Tiny (2 player)
Population
200
Speed
Normal
Resources
Standard
Victory
Conquest
Starting age
Dark Age
Ending age
Imperial Age
RankedLock teamsTeams togetherTeam positionsShared explorationLock speedFull tech treeHidden civsTurbo modeCheats
Victory
Defeat
🇨🇳 Chinese · China
862
+16
🇹🇷 Spanish · Türkiye
857
-16
Esglm
3:26 Loom
9:53 Feudal Age
10:20 Double-Bit Axe
19:28 Castle Age
34:20 Husbandry
34:31 Bloodlines
37:02 Scale Barding Armor
41:16 Fishing Lines
45:39 Imperial Age
风清扬
0:45 Loom
12:14 Feudal Age
13:14 Man-at-Arms
19:22 Double-Bit Axe
24:53 Castle Age
23:31 Gold Mining
23:32 Stone Mining
25:46 Pikeman
32:26 Bow Saw
35:42 Gold Shaft Mining
35:43 Stone Shaft Mining
34:56 Horse Collar
35:27 Fletching
37:00 Padded Archer Armor
36:56 Bodkin Arrow
38:00 Heavy Plow
Connection lost

Rejoining the realm…

Still unreachable

The connection could not be restored.

Session expired

The server has moved on; the page needs a fresh start.